 Dungeon Crawl Stone Soup version 0.22.0-6-g71bd7aa (webtiles) character file.

29 digijack the Vexing (level 3, 0/27 HPs)
             Began as a Formicid Arcane Marksman on Aug 15, 2018.
             Slain by a hound (1 damage)
             ... on level 2 of the Dungeon.
             The game lasted 00:07:40 (814 turns).

digijack the Vexing (Formicid Arcane Marksman)       Turns: 814, Time: 00:07:40

Health: 0/27       AC:  2    Str: 14    XL:     3   Next: 32%
Magic:  1/5        EV: 12    Int: 12    God:
Gold:   55         SH:  0    Dex: 12    Spells: 4/5 levels left

rFire    . . .     SeeInvis +   a - +1 hunting sling
rCold    . . .     Gourm    .   (no shield)
rNeg     . . .     Faith    .   e - +0 robe
rPois    .         Spirit   .   (helmet unavailable)
rElec    .         Reflect  .   (no cloak)
rCorr    .         Harm     .   (no gloves)
MR       .....                  (no boots)
Stlth    +.........             (no amulet)
HPRegen  0.09/turn              b - ring of flight
MPRegen  0.09/turn              (no ring)

@: no status effects
A: permanent stasis, dig shafts and tunnels, four strong arms, antennae 3
a: Dig, Shaft Self, Evoke Flight


You were on level 2 of the Dungeon.
You were hungry.

You visited 1 branch of the dungeon, and saw 2 of its levels.

You collected 55 gold pieces.

Inventory:

Hand Weapons
 a - a +1 hunting sling (weapon)
Missiles
 c - 59 stones
 d - 40 sling bullets (quivered)
Armour
 e - a +0 robe (worn)
Jewellery
 b - a ring of flight (left hand)
Wands
 j - a wand of random effects (33)
Scrolls
 h - a scroll of identify
Potions
 i - a potion of flight {unknown}
Comestibles
 f - a ration
 g - a chunk of flesh


   Skills:
 + Level 1.7 Fighting
 + Level 2.5 Slings
 + Level 1.1 Armour
 - Level 1.7 Dodging
 + Level 1.6 Spellcasting
 + Level 4.0 Hexes


You had 4 spell levels left.
You knew the following spells:

 Your Spells              Type           Power        Failure   Level  Hunger
a - Corona                Hex            ##.....      5%          1    ##.....

Your spell library contained the following spells:

 Spells                   Type           Power        Failure   Level  Hunger
 Cause Fear               Hex            ##........   50%         4    #####..
 Slow                     Hex            ##......     9%          2    ###....
 Portal Projectile        Hex/Tloc       #.....       36%         3    ####...
 Leda's Liquefaction      Hex/Erth       #.........   77%         4    #####..
 Inner Flame              Hex/Fire       #.......     36%         3    ####...


Dungeon Overview and Level Annotations

Branches:
Dungeon (2/15)

Altars:
Ru


Innate Abilities, Weirdness & Mutations

You cannot be hasted, slowed, berserked, paralysed or teleported.
You can dig through walls and to a lower floor.
Your four strong arms can wield two-handed weapons with a shield.
You have a pair of large antennae on your head. (SInv)


Message History

The sling bullet completely misses the hound.
The sling bullet hits the kobold but does no damage.
The hound barely misses you. The hound bites you.
* * * LOW HITPOINT WARNING * * *
A rat comes into view.
Firing (i - inventory. (/) - cycle)
d - 42 sling bullets (quivered)
Press: ? - help, Shift-Dir - straight line, f/p - hound
Aim: a hound (heavily wounded)
You shoot a sling bullet. The sling bullet hits the hound.
The hound is almost dead.
The hound barely misses you. The hound bites you.
* * * LOW HITPOINT WARNING * * *
Firing (i - inventory. (/) - cycle)
d - 41 sling bullets (quivered)
Press: ? - help, Shift-Dir - straight line, f/p - hound
Aim: a hound (almost dead)
You shoot a sling bullet.
The sling bullet hits the hound but does no damage.
The hound is almost dead.
The hound bites you.
You die...

########### .........#
#........# { ###.......#
..#....$..# #.#.......#
#.#.......# # #
#@#.......#######.
#...#.#h#{..............
.._...(K(.......###.....
#...#(#.#r.......<......
## #.#.#.########....##
. #.#.. #....... ##
#.#.## ...#...#. ..#.#
#.## ..... ###.# .r.
...##


You could see a hound, a kobold and a rat.

Vanquished Creatures
  An adder (D:2)
  A dart slug (D:1)
  2 giant cockroaches (D:1)
  4 goblins (D:1)
  2 hobgoblins (D:2)
  3 bats (D:1)
  A frilled lizard (D:1)
  3 kobolds (D:1)
  A rat (D:1)
18 creatures vanquished.

Notes
Turn   | Place    | Note
-------+----------+-------------------------------------------
     0 | D:1      | digijack the Formicid Arcane Marksman began the quest for the Orb.
     0 | D:1      | Reached XP level 1. HP: 15/15 MP: 2/2
     6 | D:1      | Noticed a swamp worm
     6 | D:1      | Noticed a swamp drake
    14 | D:1      | Noticed a crocodile
    14 | D:1      | Noticed a killer bee
   106 | D:1      | Reached XP level 2. HP: 21/21 MP: 0/3
   789 | D:2      | Found a sacrificial altar of Ru.
   805 | D:2      | Reached skill level 1 in Armour
   805 | D:2      | Reached XP level 3. HP: 21/27 MP: 2/5
   808 | D:2      | Reached skill level 4 in Hexes
   813 | D:2      | HP: 1/27 [hound (4)]
   814 | D:2      | Slain by a hound

Skill      XL: |  1  2  3 |
---------------+----------+-----
Armour         | 1 |  1.1
Hexes          | 4 |  4.0
Fighting       | |  1.7
Slings         | |  2.5
Dodging        | |  1.7
Spellcasting   | |  1.6

Action                   || total
-------------------------++-------
 Fire: Hunting sling     ||    43
 Cast: Corona            ||    26
 Abil: Dig               ||     1
  Use: Scroll            ||     5
       Potion            ||     2
Armor: Robe              ||     2
Dodge: Dodged            ||    28
